 Dungeon Crawl Stone Soup version 0.20-a0-839-gdaf5c57 (webtiles) character file.

20 HEYYEYAAE the Skirmisher (level 2, -3/16 HPs)
             Began as a Vine Stalker Chaos Knight on Mar 8, 2017.
             Slain by a killer bee (8 damage)
             ... on level 2 of the Dungeon.
             The game lasted 00:00:43 (1022 turns).

HEYYEYAAE the Skirmisher (VSCK)                     Turns: 1022, Time: 00:00:44

Health: -3/16      AC:  5    Str: 14    XL:     2   Next: 79%
Magic:  0/3        EV: 11    Int: 12    God:    Xom [...*..]
Gold:   41         SH:  0    Dex: 13    Spells: 2/2 levels left

rFire    . . .     SeeInvis .   a - +0 spear (chaos)
rCold    . . .     Gourm    .   b - +2 leather armour
rNeg     . . .     Faith    .   (no shield)
rPois    .         Spirit   +   (no helmet)
rElec    .         Reflect  .   (no cloak)
rCorr    .         Harm     .   (no gloves)
MR       .....                  (no boots)
Stlth    +.........             (no amulet)
Regen    0.1/turn               (no ring)
MPRegen  0.1/turn               (no ring)

@: about to teleport
A: fangs 2, magic shield, antimagic bite, no potion heal 3, rot immunity,
MP-powered wands
a: Renounce Religion


You were on level 2 of the Dungeon.
You worshipped Xom.
You were a favourite toy of Xom.
You were not hungry.

You visited 1 branch of the dungeon, and saw 2 of its levels.

You collected 41 gold pieces.

Inventory:

Hand Weapons
 a - a +0 spear of chaos (weapon)
Armour
 b - a +2 leather armour (worn)
Scrolls
 e - a scroll of teleportation
 g - a scroll of noise {unknown}
 i - a scroll of amnesia {unknown}
 k - a scroll of identify {unknown}
Potions
 d - a potion of lignification {unknown}
 j - a potion of curing
Comestibles
 c - a bread ration
 f - a royal jelly
 h - a meat ration


   Skills:
 * Level 3.1 Fighting
 - Level 2.6 Polearms
 + Level 1.9 Armour
 + Level 1.1 Dodging
 + Level 0.6 Spellcasting


You had 2 spell levels left.
You didn't know any spells.

Dungeon Overview and Level Annotations

Branches:
Dungeon (2/15)

Altars:
Fedhas
Hepliaklqana
Xom


Innate Abilities, Weirdness & Mutations

You have extremely sharp teeth.
When hurt, damage is shared between your health and your magic reserves.
Your bite disrupts and absorbs the magic of your enemies.
Potions cannot restore your health.
You are immune to rotting.
You expend magic power (3 MP) to strengthen your wands.


Message History

You are too injured to fight recklessly!
You are too injured to fight recklessly!
You are too injured to fight recklessly!
There is a lethal amount of poison in your body!
Unknown command.
A frilled lizard comes into view.
You feel sick.
The frilled lizard hisses angrily.
The killer bee completely misses you.
Found a hazy altar of Hepliaklqana and a blossoming altar of Fedhas.
It was a potion of curing.
Your system rejects the healing.
You feel better.
Xom thinks this is hilarious!
The killer bee barely misses you. The killer bee closely misses you.
Unknown command.
As you read the scroll labeled GUUN XIYLARI, it crumbles to dust.
You feel strangely unstable.
It was a scroll of teleportation.
The killer bee stings you!
Ouch! That really hurt!
You die...
Xom is highly amused!

############
#..$.
...........#
#.#..
##########.#
#.#.# # #.#
#.#># #
#.#####b#.# #
#.......#.# #
#######b#.#.#
########
#.y..#
........
#@#.#.#
#######.
#.#.# # #.#.#
# ..... #
..... #
l...... #
....... #
_..b.._ #####


You could see a killer bee, a bat and a frilled lizard.

Vanquished Creatures
  A dart slug (D:1)
  A bat (D:1)
  4 giant cockroaches
  A goblin (D:1)
  A hobgoblin (D:1)
  3 frilled lizards (D:1)
  4 kobolds
  A rat (D:1)
16 creatures vanquished.

Notes
Turn   | Place    | Note
-------+----------+-------------------------------------------
     0 | D:1      | HEYYEYAAE the Vine Stalker Chaos Knight began the quest for the Orb.
     0 | D:1      | Reached XP level 1. HP: 11/11 MP: 2/2
   315 | D:1      | Reached XP level 2. HP: 15/16 MP: 3/3
   479 | D:1      | XOM is BORED!
   479 | D:1      | XOM: medium Tmut miscast
   503 | D:1      | Reached skill level 3 in Fighting
   507 | D:1      | Gained mutation: You expend magic power (3 MP) to strengthen your wands. [mutagenic glow]
   539 | D:1      | XOM: harmless Tloc miscast
   594 | D:1      | Reached skill level 1 in Dodging
   925 | D:1      | XOM: scenery: create altars
  1016 | D:2      | Noticed a killer bee
  1016 | D:2      | a worm changed into a killer bee
  1019 | D:2      | XOM: butterfly on damage
  1020 | D:2      | Found a hazy altar of Hepliaklqana.
  1020 | D:2      | Found a blossoming altar of Fedhas.
  1022 | D:2      | Slain by a killer bee

Vault maps used:
D:1:      nagdon_arrival_double_spiral
D:2:      grunt_temple_overflow_open, grunt_qazlal_sundering

Skill      XL: |  1  2 |
---------------+-------+-----
Fighting       | 3 |  3.1
Dodging        | 1 |  1.1
Polearms       | |  2.6
Armour         | |  1.9
Spellcasting   | |  0.6

Action                   || total
-------------------------++-------
Melee: Spear             ||    48
       Bite              ||     8
  Use: Scroll            ||     1
       Potion            ||     1
 Stab: Sleeping          ||     3
Armor: Leather armour    ||     7
Dodge: Dodged            ||    25
